 Dungeon Crawl Stone Soup version 0.28.0-43-g3370ac3207 (webtiles) character file.

Game seed: 7155290041950969978

9093 Kaptain the Geomancer (level 11, -7/69 HPs)
             Began as a Gargoyle Earth Elementalist on Mar 15, 2022.
             Mangled by a four-headed hydra (12 damage)
             ... on level 9 of the Dungeon.
             The game lasted 00:25:21 (13218 turns).

Kaptain the Geomancer (GrEE)                       Turns: 13218, Time: 00:25:22

Health: -7/69      AC: 16    Str: 11    XL:     11   Next: 41%
Magic:  5/22       EV: 11    Int: 21    God:
Gold:   432        SH:  4    Dex: 10    Spells: 21/25 levels left

rFire   . . .      SeeInvis .   o - +3 flail (protect)
rCold   . . .      Faith    .   i - +0 buckler
rNeg    + . .      Spirit   .   j - +0 steam dragon scales
rPois   ∞          Reflect  .   h - +2 hat
rElec   +          Harm     .   (no cloak)
rCorr   .          Rampage  .   (no gloves)
Will    .....                   (no boots)
Stlth   ++........              (no amulet)
HPRegen 0.21/turn               a - ring of flight
MPRegen 0.18/turn               e - ring of wizardry

@: flying
A: sickness immunity, AC +8, negative energy resistance 1, electricity
resistance, torment resistance 1, petrification resistance
a: no special abilities


You were on level 9 of the Dungeon.
You visited 3 branches of the dungeon, and saw 11 of its levels.

You collected 432 gold pieces.

Inventory:

Hand Weapons
 k - a +2 dagger of pain
 o - a +3 flail of protection (weapon)
 r - a +0 trident of venom
 s - a +2 vampiric short sword
Missiles
 c - 88 stones
 g - 13 sling bullets
 q - 19 poisoned darts (quivered)
 x - a curare-tipped dart
 z - 4 throwing nets
Armour
 h - a +2 hat (worn)
 i - a +0 buckler (worn)
 j - +0 steam dragon scales (worn)
 p - the +12 gold dragon scales of the Equinox {rPois rF+ rC+ Int+5}
   (You found it on level 6 of the Dungeon)

   Int:       It affects your intelligence (+5).
   rF:        It protects you from fire.
   rC:        It protects you from cold.
   rPois:     It protects you from poison.
 B - the +3 hat of Pondering {ponderous, Will+ MP+10 Int+5}
   (You took it off Gastronok on level 8 of the Dungeon)

   Int:       It affects your intelligence (+5).
   MP:        It affects your magic capacity (+10).
   Will:      It increases your willpower.
Magical Staves
 w - a staff of conjuration
Jewellery
 a - a ring of flight (left hand)
 e - a ring of wizardry (right hand)
 D - an amulet of magic regeneration
Wands
 f - a wand of flame (40)
 y - a wand of paralysis (6)
 C - a wand of digging (7)
Scrolls
 n - 4 scrolls of teleportation
 u - 2 scrolls of identify
 A - a scroll of amnesia {unknown}
Potions
 d - a potion of invisibility
 l - a potion of ambrosia
 m - a potion of lignification
 t - a potion of flight {unknown}
 v - 3 potions of heal wounds {unknown}


   Skills:
 * Level 8.8 Fighting
 + Level 6.2 Armour
 - Level 1.5 Dodging
 - Level 2.1 Stealth
 + Level 3.3 Shields
 * Level 7.7 Spellcasting
 * Level 8.8 Conjurations
 - Level 0.7 Transmutations
 * Level 10.4 Earth Magic


You had 21 spell levels left.
You knew the following spells:

 Your Spells              Type           Power      Damage    Failure   Level
a - Sandblast             Erth           100%       2d20      1%          1
b - Stone Arrow           Conj/Erth      96%        3d13      1%          3

Your spell library contained the following spells:

 Spells                   Type           Power      Damage    Failure   Level
 Passwall                 Tmut/Erth      25%        N/A       1%          2
 Conjure Flame            Conj/Fire      26%        6-21      2%          3
 Petrify                  Tmut/Erth      31%        N/A       4%          4
 Sticky Flame             Conj/Fire      26%        2d5       7%          4
 Ignite Poison            Fire/Tmut/Pois 9%         N/A       12%         3
 Ozocubu's Armour         Ice            8%         N/A       13%         3
 Ozocubu's Refrigeration  Ice            4%         4d5       100%        7


Dungeon Overview and Level Annotations

Branches:
Dungeon (9/15)             Temple (1/1) D:5            Lair (1/6) D:9
    Orc: D:9-12

Altars:
Ashenzari
Cheibriados
Dithmenos
Elyvilon
Fedhas
Gozag
Hepliaklqana
Kikubaaqudgha
Makhleb
Nemelex Xobeh
Okawaru
Qazlal
Ru
Sif Muna
Trog
Uskayaw
Vehumet
Wu Jian
Xom
Zin
The Shining One

Shops:
D:3 [

Annotations:
D:6 4 runed translucent doors


Innate Abilities, Weirdness & Mutations

You are immune to sickness and miasma.
Your stone body is resilient. (AC +8)
You are immune to poison.
You resist negative energy. (rN+)
You are resistant to electric shocks. (rElec)
You are resistant to unholy torment.
You are immune to petrification.


Message History

Press: ? - help, Shift-Dir - straight line, f/p - four-headed hydra
Aim: a four-headed hydra (moderately wounded, 92% to hit)
The stone arrow hits the four-headed hydra!
The four-headed hydra is moderately wounded.
You block the four-headed hydra's attack.
The four-headed hydra bites you.
The four-headed hydra bites you but does no damage. x2
Casting: Stone Arrow (safe; 1% risk of failure)
Confirm with . or Enter, or press ? or * to list all spells.
Aiming: Stone Arrow (safe; 1% risk of failure)
Press: ? - help, Shift-Dir - straight line, f/p - four-headed hydra
Aim: a four-headed hydra (moderately wounded, 92% to hit)
The stone arrow misses the four-headed hydra.
The four-headed hydra bites you but does no damage.
The four-headed hydra bites you.
The four-headed hydra closely misses you.
You block the four-headed hydra's attack.
Casting: Stone Arrow (safe; 1% risk of failure)
Confirm with . or Enter, or press ? or * to list all spells.
Aiming: Stone Arrow (safe; 1% risk of failure)
Press: ? - help, Shift-Dir - straight line, f/p - four-headed hydra
Aim: a four-headed hydra (moderately wounded, 92% to hit)
The stone arrow hits the four-headed hydra!!
The four-headed hydra is severely wounded.
The four-headed hydra bites you!
* * * LOW HITPOINT WARNING * * *
The four-headed hydra misses you. The four-headed hydra bites you!
* * * LOW HITPOINT WARNING * * *
The four-headed hydra bites you.
* * * LOW HITPOINT WARNING * * *
Casting: Stone Arrow (safe; 1% risk of failure)
Confirm with . or Enter, or press ? or * to list all spells.
Aiming: Stone Arrow (safe; 1% risk of failure)
Press: ? - help, Shift-Dir - straight line, f/p - four-headed hydra
Aim: a four-headed hydra (severely wounded, 92% to hit)
The stone arrow hits the four-headed hydra!!
The four-headed hydra is almost dead.
The four-headed hydra bites you but does no damage.
The four-headed hydra bites you!
You die...

...#...........≈....≈..≈.........
...#.......##....≈..≈≈≈.≈≈..≈≈≈..
####.......##....≈≈≈≈≈≈≈≈≈≈≈≈≈≈≈.
.........####..≈≈.≈≈≈≈..≈≈≈≈≈≈≈≈≈
.........# #....≈≈≈..≈...≈≈≈≈...
.........# #.≈≈≈.≈≈≈......≈≈≈≈≈≈
.........# #...≈≈≈≈..>†.........
.........####.≈≈D≈≈≈≈.....≈≈≈≈≈≈≈
................@≈≈≈.≈.≈≈..≈≈≈≈≈≈
...............≈≈≈≈≈≈≈≈≈≈≈≈.≈≈≈≈.
...............≈≈≈≈≈≈≈≈≈≈≈≈≈.≈.≈.
..................≈≈≈≈≈≈≈≈≈≈..≈..
..####.............≈≈≈≈≈≈≈.......
..##.....<.........≈≈≈≈≈≈........
..##.#..#####....................
.........# #....................
###^####.# #....................


You could see a four-headed hydra.

Vanquished Creatures
  Gastronok (D:8)
  Harold (D:8)
  A two-headed ogre (D:9)
  Pikel (D:5)
  3 centaur zombies
  A troll (D:9)
  A hornet (D:9)
  Grinder (D:5)
  A wyvern (D:9)
  A steam dragon (D:6)
  Edmund (D:5)
  2 water moccasins
  4 ice beasts
  3 orc warriors
  A sky beast (D:7)
  2 black bears (D:6)
  4 ogres
  A necrophage (D:6)
  3 wolves (D:9)
  9 centaurs
  3 phantoms
  2 kobold brigands (D:8)
  3 bullfrogs
  3 gnoll sergeants
  3 scorpions
  2 water moccasin zombies
  A water moccasin skeleton (D:6)
  4 howler monkeys
  7 wights
  An electric eel (D:9)
  6 hounds
  2 centaur skeletons
  A gnoll shaman (D:3)
  A jelly (D:7)
  2 orc priests
  3 bullfrog skeletons
  An iguana (D:5)
  4 orc wizards
  A scorpion zombie (D:5)
  2 killer bee zombies
  A hound zombie (D:5)
  22 gnolls
  2 howler monkey skeletons (D:6)
  2 adders
  A white imp (D:6)
  An ufetubus (D:6)
  An adder zombie (D:5)
  A worm (D:5)
  2 dart slugs
  25 orcs
  10 endoplasms
  A giant cockroach (D:1)
  11 goblins
  5 hobgoblins
  14 kobolds
  5 quokkas
  8 ball pythons
  6 bats
  2 frilled lizards
  3 rats
217 creatures vanquished.

Vanquished Creatures (others)
  4 fungi (D:1)
  20 plants (D:4)
24 creatures vanquished.

Grand Total: 241 creatures vanquished

Notes
Turn   | Place    | Note
-------+----------+-------------------------------------------
     0 | D:1      | Kaptain the Gargoyle Earth Elementalist began the quest for
                  | the Orb.
     0 | D:1      | Reached XP level 1. HP: 10/10 MP: 3/3
   146 | D:1      | Reached XP level 2. HP: 16/16 MP: 3/5
   385 | D:1      | Found a faded altar of an unknown god.
   430 | D:1      | Reached skill level 1 in Fighting
   504 | D:1      | Reached skill level 1 in Conjurations
   609 | D:1      | Reached XP level 3. HP: 20/20 MP: 1/6
   687 | D:1      | Learned a level 3 spell: Stone Arrow
   696 | D:1      | Reached skill level 4 in Earth Magic
  1245 | D:2      | Found a glowing silver altar of Zin.
  1783 | D:3      | Found an ancient bone altar of Kikubaaqudgha.
  1915 | D:3      | Found an iron altar of Okawaru.
  2032 | D:3      | Reached skill level 1 in Armour
  2032 | D:3      | Reached XP level 4. HP: 21/26 MP: 2/7
  2133 | D:3      | Found a white marble altar of Elyvilon.
  2236 | D:3      | Found Ismiruph's Armour Emporium.
  2686 | D:4      | Noticed a bullfrog
  2689 | D:4      | Killed a bullfrog
  2690 | D:4      | Reached XP level 5. HP: 30/30 MP: 6/9
  2716 | D:4      | Noticed an ogre
  2738 | D:4      | Killed an ogre
  2739 | D:4      | Reached skill level 5 in Earth Magic
  2739 | D:4      | Reached XP level 6. HP: 36/36 MP: 3/10
  3443 | D:4      | Reached XP level 7. HP: 36/41 MP: 4/12
  3918 | D:4      | Identified the +4 chain mail of Idophed {rN+}
  3952 | D:4      | HP: 2/41 [ogre/+0 giant club (25)]
  4491 | D:4      | Reached skill level 6 in Earth Magic
  4827 | D:5      | Entered Level 5 of the Dungeon
  4882 | D:5      | Reached XP level 8. HP: 48/48 MP: 7/14
  4951 | D:5      | Noticed Pikel
  4994 | D:5      | Killed Pikel
  5094 | D:5      | Noticed Grinder
  5113 | D:5      | Killed Grinder
  5114 | D:5      | Reached skill level 5 in Fighting
  5114 | D:5      | Reached skill level 5 in Conjurations
  5114 | D:5      | Reached skill level 7 in Earth Magic
  5418 | D:5      | Reached skill level 5 in Spellcasting
  5464 | D:5      | Reached XP level 9. HP: 54/54 MP: 9/16
  5652 | D:5      | Noticed Edmund
  5657 | D:5      | Killed Edmund
  5896 | D:5      | Found a staircase to the Ecumenical Temple.
  5907 | Temple   | Entered the Ecumenical Temple
  6323 | D:6      | Noticed a gargoyle
  6323 | D:6      | Found a large runed translucent door.
  6323 | D:6      | Found a large runed translucent door.
  6520 | D:6      | Found a large runed translucent door.
  6520 | D:6      | Found a large runed translucent door.
  6793 | D:6      | Reached skill level 8 in Earth Magic
  7047 | D:6      | Noticed a +0 dagger
  7047 | D:6      | Noticed a +0 spear
  7048 | D:6      | Noticed a +0 falchion
  7048 | D:6      | Noticed a +0 falchion
  7049 | D:6      | Noticed a +0 short sword
  7051 | D:6      | Noticed a +0 spear
  7052 | D:6      | Noticed a +0 dagger
  7052 | D:6      | Noticed a +0 short sword
  7058 | D:6      | Found a hide-covered altar of Uskayaw.
  7445 | D:6      | Reached XP level 10. HP: 59/61 MP: 6/19
  7740 | D:6      | Noticed a boulder beetle
  8010 | D:6      | Reached skill level 5 in Armour
  8151 | D:6      | Identified the +12 gold dragon scales of the Equinox {rPois
                  | rF+ rC+ Int+5}
  8384 | D:5      | Reached skill level 9 in Earth Magic
  8570 | D:6      | Found a hazy altar of Hepliaklqana.
  8619 | D:6      | Identified the +6 quarterstaff of Exquisite Torment {vamp,
                  | rC+ Str-2 Int+4 Dex+4}
  8873 | D:6      | Reached skill level 1 in Shields
  9617 | D:7      | Found a shimmering blue altar of Sif Muna.
  9682 | D:7      | Found an ornate altar of the Wu Jian Council.
 10147 | D:8      | Noticed Harold
 10202 | D:8      | Killed Harold
 10726 | D:8      | Noticed Gastronok
 10747 | D:8      | Killed Gastronok
 10748 | D:8      | Reached skill level 10 in Earth Magic
 10748 | D:8      | Reached XP level 11. HP: 21/69 MP: 0/21
 11829 | D:9      | Found a staircase to the Lair.
 12012 | D:9      | Found a stormy altar of Qazlal.
 12405 | D:9      | Noticed a two-headed ogre
 12411 | D:9      | Killed a two-headed ogre
 12660 | D:9      | Found a glowing silver altar of Zin.
 13027 | Lair:1   | Entered Level 1 of the Lair of Beasts
 13027 | Lair:1   | Noticed an eight-headed hydra
 13029 | Lair:1   | Noticed a four-headed hydra
 13218 | D:9      | Mangled by a four-headed hydra

Illustrated notes

Levels and vault maps discovered:
D:1:      wander_arrival_chamber, layout_basic,
          shapermc_ecumenical_altar_ellora, minmay_tetromino_s2
D:2:      layout_loops_ring, basic_altar
D:3:      layout_basic, okawaru_trees_1, marbit_many_paths,
          mainiacjoe_overflow_tiny_flanked, serial_shops,
          nicolae_shop_behind_doors
D:4:      layout_loops_ring, minmay_splitting_lines,
          chequers_serial_rivers_room_a, nicolae_grassy_gnolls
D:5:      layout_basic, minmay_temple_entry_statues, uniq_edmund, uniq_pikel,
          uniq_grinder
D:6:      layout_rooms, mainiacjoe_overflow_brackets, nicolae_uskayaw_en_pointe,
          st_stairs_13, minmay_hollow_rounded_squares
D:7:      layout_cave_pools, mainiacjoe_overflow_alcove_2,
          general_overflow_altar, patterned_corridor
D:8:      layout_basic, serial_curves, eino_curves_01, eino_curves_03,
          eino_curves_01, eino_curves_04, uniq_harold, uniq_gastronok
D:9:      layout_irregular_city, mainiacjoe_overflow_concentric_impassable,
          lemuel_tele_altar, erik_lair_island, nicolae_fountain_basement
Temple:   nicolae_temple_hex_pool
Lair:1:   layout_chaotic_city, beast_lair_carwin_9, serial_bayou_shore_b,
          serial_bayou_shore_a, infiniplex_staircase_pool_2, grunt_megastairs_1

Skill      XL: |  1  2  3  4  5  6  7  8  9 10 11 |
---------------+----------------------------------+-----
Fighting       | 1 2 3 4 5 6 8 |  8.8
Conjurations   | 1 2 3 4 5 6 8 |  8.8
Earth Magic    | 4 5 6 7 8 10 | 10.4
Armour         | 1 2 3 4 5 6 |  6.2
Spellcasting   | 3 4 5 6 7 |  7.7
Shields        | 2 3 |  3.3
Dodging        | |  1.5
Stealth        | |  2.1
Transmutations | |  0.7

Action                   |  1- 3 |  4- 6 |  7- 9 | 10-12 || total
-------------------------+-------+-------+-------+-------++-------
Melee: Whip              |     4 |       |       |       ||     4
       Short sword       |    27 |    24 |       |       ||    51
       Dagger            |    14 |       |       |       ||    14
       Flail             |       |       |    60 |    74 ||   134
Throw: Dart              |       |       |       |     3 ||     3
 Cast: Sandblast         |    52 |    23 |    36 |    19 ||   130
       Stone Arrow       |       |    10 |    84 |   157 ||   251
Evoke: Wand              |       |       |     1 |     2 ||     3
  Use: Scroll            |     1 |     7 |     3 |     2 ||    13
 Stab: Sleeping          |     1 |       |       |       ||     1
Armor: Leather armour    |    24 |    13 |    66 |       ||   103
       Robe              |     2 |       |       |       ||     2
       Steam dragon scal |       |       |       |    96 ||    96
Dodge: Dodged            |    37 |    23 |    61 |   103 ||   224
Block: Buckler           |       |       |       |    37 ||    37
